 Dungeon Crawl Stone Soup version 0.27-a0-773-gaaee5cf45b (console) character file.

Game seed: 6660657618248046612

24289 jejorda2 the Impaler (level 13, -2/151 HPs)
             Began as a Merfolk Berserker on Mar 25, 2021.
             Was an Elder of Trog.
             Succumbed to Liasy's ghost's poison
             ... on level 3 of the Lair of Beasts.
             The game lasted 00:41:53 (16668 turns).

jejorda2 the Impaler (Merfolk Berserker)           Turns: 16668, Time: 00:41:54

Health: -2/151     AC: 25    Str: 21    XL:     13   Next: 12%
Magic:  13/13      EV:  9    Int:  6    God:    Trog [****..]
Gold:   611        SH:  0    Dex: 15    Spells: 12/12 levels left

rFire    + . .     SeeInvis .   a - +1 trident
rCold    . . .     Faith    +   (no shield)
rNeg     + . .     Spirit   .   e - +4 plate armour
rPois    .         Reflect  .   D - +0 helmet
rElec    +         Harm     .   m - +0 cloak
rCorr    +         Rampage  .   c - +2 pair of gloves
Will     +++..                  H - +0 pair of boots
Stlth    ..........             C - amulet of faith
HPRegen  1.35/turn              I - ring "Qoly" {Will+ rCorr}
MPRegen  0.13/turn              b - ring of Xom's Fair Game {rElec rF+ rN+}

@: berserking (expiring), lethally poisoned (-2 -> -7), regenerating (expiring),
very quick
A: (nimble swimmer 2), mertail
a: Renounce Religion, Berserk, Trog's Hand, Brothers in Arms


You were on level 3 of the Lair of Beasts.
You worshipped Trog.
Trog was greatly pleased with you.
You visited 2 branches of the dungeon, and saw 12 of its levels.

You collected 676 gold pieces.
You spent 65 gold pieces at shops.

Inventory:

Hand Weapons
 a - a +1 trident (weapon)
Missiles
 d - 107 poisoned darts (quivered)
 o - 9 boomerangs
 G - 7 javelins
Armour
 c - a +2 pair of gloves (worn)
 e - a +4 plate armour (worn)
 m - a +0 cloak (worn)
 D - a +0 helmet (worn)
 H - a +0 pair of boots (worn)
Jewellery
 b - the ring of Xom's Fair Game (left hand) {rElec rF+ rN+}
   (You acquired it on level 6 of the Dungeon)

   [ring of protection from fire]

   It protects you from fire.
   It insulates you from electricity.
   It protects you from negative energy.
 q - a ring of flight
 C - an amulet of faith (around neck)
 I - the ring "Qoly" (right hand) {Will+ rCorr}
   (You found it on level 9 of the Dungeon)

   [ring of resist corrosion]

   It affects your willpower, your defense against some magical effects.
   It provides partial protection from all sources of acid and corrosion.
 L - a ring of fire
Wands
 h - a wand of mindburst (7)
 l - a wand of flame (14)
 p - a wand of acid (12)
 t - a wand of digging (4)
 B - a wand of charming (12)
Scrolls
 g - a scroll of blinking
 i - 7 scrolls of magic mapping
 n - 2 scrolls of teleportation
 r - 2 scrolls of vulnerability
 u - a scroll of fear
 y - a scroll of enchant armour
 F - 2 scrolls of enchant weapon
Potions
 f - 7 potions of curing
 j - a potion of magic {unknown}
 k - a potion of berserk rage {unknown}
 s - 2 potions of cancellation
 w - 5 potions of might
 x - a potion of flight
 z - 5 potions of ambrosia
 E - a potion of haste
 J - a potion of attraction
 K - a potion of lignification
Miscellaneous
 v - a lightning rod (4/4)
 A - a tin of tremorstones (2/2)


   Skills:
 + Level 9.3 Fighting
 - Level 20.0 Polearms
 - Level 9.0 Armour
 - Level 6.0 Dodging
 - Level 6.0 Evocations


You had 12 spell levels left.
You didn't know any spells.
Your spell library was empty.

Dungeon Overview and Level Annotations

Branches:
Dungeon (9/15)             Temple (0/1) D:4            Lair (3/6) D:9
  Snake (0/4) Lair:3
  Swamp: Lair:2-4    Shoals: Lair:2-4       Orc: D:9-12

Altars:
Dithmenos
Gozag
Makhleb
Nemelex Xobeh
Ru
Wu Jian

Shops:
D:2 ?

Annotations:
D:3 3 runed translucent doors, exclusion: 3 doors, jejorda2's ghost, amateur MfBe
D:7 2 transporters, Cheivey's ghost, novice MiBe
Lair:2 2 transporters
Lair:3 1 transporter, Liasy's ghost, journeyman SpEn


Innate Abilities, Weirdness & Mutations

((You are quick and stealthy while swimming. (Stealth+, EV+, Speed+++)))
Your lower body shifts to a powerful aquatic tail in water.


Message History

Trog accepts your kill.
You feel extremely sick.
Your ogre closely misses the moth of wrath.
The moth of wrath bites your ogre.
The moth of wrath bites you but does no damage.
You closely miss Liasy's ghost.
Your ogre hits the moth of wrath with a +0 giant spiked club!!
You barely miss Liasy's ghost.
You feel sick.
Liasy's ghost hits you but does no damage.
You are more poisoned.
The moth of wrath bites your ogre!
Your ogre dies!
Your ogre's corpse disappears in a puff of smoke!
You closely miss Liasy's ghost.
You feel very sick.
The moth of wrath bites you but does no damage.
You completely miss Liasy's ghost. You barely miss Liasy's ghost.
You feel sick.
Liasy's ghost hits you but does no damage.
You are more poisoned.
The moth of wrath bites you!
You miss Liasy's ghost.
You feel the effects of Trog's Hand fading.
You feel extremely sick.
You barely miss Liasy's ghost. The moth of wrath barely misses you.
The moth of wrath bites you!
* * * LOW HITPOINT WARNING * * *
Liasy's ghost hits you but does no damage.
You are more poisoned.
You miss Liasy's ghost.
You feel extremely sick.
You completely miss Liasy's ghost. The moth of wrath bites you!
* * * LOW HITPOINT WARNING * * *
The moth of wrath bites you but does no damage.
You closely miss Liasy's ghost.
You feel sick.
Liasy's ghost hits you but does no damage.
You are lethally poisoned!
You impale Liasy's ghost!!
Liasy's ghost is moderately damaged.
You die...

..####....##.###..........#......
..........##..##...............##
..######...#...............[...##
...## ##.....####©###..#.......#
..#.# #..#####. ###y##.......#..
#..## #..#....# .....##.....P#..
.#.## ##.##...#. .#....#.........
###.###..#......#W.##..#.........
##...#.#©.##..@y.#..W#...^.....
#.....#.....#y....#.##........
##....##.##..[###....#..##....
##....#....[=)[.#..##..##....
#P...##..##### .###.........
#.....####.©.####......#....
#.........(.......##...##...
##.......##.........#.#.##..
##.......#..#..#............


You could see 2 moths of wrath and Liasy's ghost.

Vanquished Creatures
  5 hydras
  4 two-headed ogres
  Urug (Lair:2)
  A manticore (D:9)
  2 cyclopes (D:9)
  A guardian serpent (Lair:3)
  4 black mambas
  7 cane toads
  4 komodo dragons
  A freezing wraith (D:9)
  A polar bear (Lair:2)
  A troll (D:9)
  A queen bee (Lair:2)
  6 blink frogs (Lair:3)
  Prince Ribbit (D:8)
  A wyvern (Lair:2)
  A wraith (D:9)
  12 yaks
  A steam dragon (D:7)
  2 basilisks (Lair:3)
  A vampire mosquito (D:9)
  10 water moccasins
  Purgy (D:3)
  2 sky beasts
  2 orc warriors
  A necrophage (D:6)
  An ice beast (D:8)
  3 ogres
  11 wolves
  4 centaurs
  2 phantoms
  A kobold brigand (D:8)
  6 bullfrogs
  3 scorpions
  26 killer bees
  10 wights (D:6)
  4 howler monkeys (D:9)
  A centaur zombie (D:9)
  A bullfrog skeleton (D:5)
  A centaur skeleton (D:6)
  3 jellies
  2 orc priests
  Crazy Yiuf (D:2)
  A gnoll shaman (D:6)
  5 orc wizards
  A killer bee zombie (D:6)
  A hound skeleton (D:4)
  6 gnolls
  5 adders
  2 shadow imps (D:6)
  3 white imps
  An ufetubus (D:5)
  A worm (D:3)
  8 orcs
  6 ball pythons
  5 endoplasms
  2 giant cockroaches
  10 goblins
  8 hobgoblins
  4 jackals (D:4)
  7 kobolds
  4 quokkas
  A bat (D:3)
  2 frilled lizards (D:3)
  7 rats
244 creatures vanquished.

Vanquished Creatures (collateral kills)
  A boulder beetle (D:9)
  A cane toad (Lair:1)
  A tengu conjurer (D:9)
  A blink frog (Lair:3)
  3 yaks (Lair:1)
  A wyvern (Lair:3)
  2 bullfrogs (Lair:3)
  A killer bee (D:9)
11 creatures vanquished.

Vanquished Creatures (others)
  A hornet (D:7)
  An orc wizard (D:6)
  25 fungi
  24 plants
51 creatures vanquished.

Grand Total: 306 creatures vanquished

Notes
Turn   | Place    | Note
-------+----------+-------------------------------------------
     0 | D:1      | jejorda2 the Merfolk Berserker began the quest for the Orb.
     0 | D:1      | Reached XP level 1. HP: 18/18 MP: 1/1
   361 | D:1      | Reached XP level 2. HP: 24/24 MP: 2/2
   664 | D:1      | Reached skill level 5 in Polearms
  1230 | D:2      | Reached XP level 3. HP: 22/30 MP: 3/3
  1412 | D:2      | Reached XP level 4. HP: 10/37 MP: 4/4
  1713 | D:2      | Reached skill level 6 in Polearms
  1788 | D:2      | Found a runed translucent door.
  1789 | D:2      | Noticed Crazy Yiuf
  1798 | D:2      | Killed Crazy Yiuf
  1891 | D:2      | Found Curadu's Magic Scroll Shoppe.
  1899 | D:2      | Bought a scroll of teleportation for 39 gold pieces
  1899 | D:2      | Bought a scroll of identify for 26 gold pieces
  2123 | D:3      | Reached ** piety under Trog
  2843 | D:3      | Reached XP level 5. HP: 42/42 MP: 5/5
  3043 | D:3      | Noticed Purgy
  3055 | D:3      | Killed Purgy
  3056 | D:3      | Reached skill level 7 in Polearms
  3056 | D:3      | Reached XP level 6. HP: 49/49 MP: 6/6
  3093 | D:3      | Found a runed translucent gate.
  3093 | D:3      | Found a runed translucent gate.
  3093 | D:3      | Found a runed translucent gate.
  3095 | D:3      | Noticed jejorda2's ghost (amateur MfBe)
  3096 | D:3      | Identified the +8 rapier of Battle {distort, *Drain +Inv
                  | rPois rC++}
  3295 | D:4      | Found a staircase to the Ecumenical Temple.
  3383 | D:4      | Found an ornate altar of the Wu Jian Council.
  3751 | D:4      | Reached skill level 8 in Polearms
  3931 | D:4      | Found a shadowy altar of Dithmenos.
  4032 | D:5      | Entered Level 5 of the Dungeon
  4138 | D:5      | Reached skill level 5 in Fighting
  4214 | D:5      | Noticed a water moccasin
  4226 | D:5      | Killed a water moccasin
  4227 | D:5      | Reached XP level 7. HP: 56/56 MP: 7/7
  4334 | D:5      | Reached skill level 9 in Polearms
  4759 | D:5      | Reached XP level 8. HP: 64/64 MP: 8/8
  4777 | D:5      | Found a sacrificial altar of Ru.
  4854 | D:5      | Found an opulent altar of Gozag.
  4855 | D:5      | Found a burning altar of Makhleb.
  5315 | D:6      | Reached skill level 10 in Polearms
  5503 | D:6      | Reached skill level 11 in Polearms
  5646 | D:6      | Reached *** piety under Trog
  5950 | D:6      | Reached skill level 12 in Polearms
  5956 | D:6      | Reached XP level 9. HP: 41/68 MP: 9/9
  6565 | D:6      | Found an ornate altar of the Wu Jian Council.
  6722 | D:6      | Identified a scroll of acquirement
  6722 | D:6      | Acquired the ring of Xom's Fair Game {rElec rF+ rN+}
  6770 | D:7      | Noticed a hornet
  6947 | D:7      | Found a transporter.
  6947 | D:7      | Noticed Cheivey's ghost (novice MiBe)
  6955 | D:7      | Found a transporter.
  7050 | D:7      | Reached skill level 13 in Polearms
  7050 | D:7      | Reached skill level 5 in Armour
  7816 | D:8      | Reached **** piety under Trog
  7897 | D:8      | Noticed Prince Ribbit
  7920 | D:8      | Killed Prince Ribbit
  7921 | D:8      | Reached skill level 14 in Polearms
  8005 | D:8      | Noticed a two-headed ogre
  8016 | D:8      | Killed a two-headed ogre
  8017 | D:8      | Reached XP level 10. HP: 76/76 MP: 10/10
  8471 | D:8      | Reached skill level 15 in Polearms
  8704 | D:9      | Noticed a two-headed ogre
  8712 | D:9      | Killed a two-headed ogre
  8860 | D:9      | Found a staircase to the Lair.
  9202 | D:9      | Noticed a manticore
  9206 | D:9      | Found a runed translucent door.
  9234 | D:9      | Killed a manticore
  9518 | D:9      | Noticed a two-headed ogre
  9541 | D:9      | Reached skill level 5 in Evocations
  9550 | D:9      | Killed a two-headed ogre
  9551 | D:9      | Reached skill level 16 in Polearms
  9709 | D:9      | Noticed a seven-headed hydra
  9712 | D:9      | Noticed a two-headed ogre
  9719 | D:9      | Killed a seven-headed hydra
  9720 | D:9      | Reached skill level 17 in Polearms
  9720 | D:9      | Reached XP level 11. HP: 81/81 MP: 11/11
  9724 | D:9      | Noticed a boulder beetle
  9725 | D:9      | Killed a two-headed ogre
  9827 | D:9      | Found a sparkling altar of Nemelex Xobeh.
 10106 | D:9      | Killed a boulder beetle
 10106 | D:9      | Identified the +6 short sword "Hellblazer" {freeze, *Noise
                  | rElec Int+3}
 10260 | D:9      | Noticed a cyclops
 10269 | D:9      | Killed a cyclops
 10313 | D:9      | Noticed a cyclops
 10323 | D:9      | Killed a cyclops
 10329 | D:9      | Identified the ring "Qoly" {Will+ rCorr}
 10331 | D:9      | Identified the ring "Kaekh" {Fire rN++ Str+8 Int-3 Dex-5}
 10527 | Lair:1   | Entered Level 1 of the Lair of Beasts
 11350 | Lair:1   | Reached skill level 18 in Polearms
 11453 | Lair:1   | Reached skill level 5 in Dodging
 12134 | Lair:2   | Identified the +2 whip of the Puffball {vorpal, Fragile rF+
                  | Int+3 Dex+3}
 12511 | Lair:2   | HP: 5/121 [poisoned by a black mamba]
 12942 | Lair:2   | Reached XP level 12. HP: 66/88 MP: 12/12
 13259 | Lair:2   | Identified the +1 leather armour "Eshefribb" {rPois rN+
                  | MP+9 Dex+4}
 13309 | Lair:2   | Noticed a six-headed hydra
 13321 | Lair:2   | Killed a six-headed hydra
 13492 | Lair:2   | Noticed Urug
 13504 | Lair:2   | Killed Urug
 13627 | Lair:2   | Found a transporter.
 14028 | Lair:2   | Reached skill level 19 in Polearms
 14093 | Lair:2   | Found a transporter.
 14439 | Lair:3   | Noticed a four-headed hydra
 14450 | Lair:3   | Killed a four-headed hydra
 14710 | Lair:3   | Noticed a seven-headed hydra
 14724 | Lair:3   | Killed a seven-headed hydra
 15155 | Lair:3   | HP: 6/136 [poisoned by a cane toad]
 15158 | Lair:3   | HP: 2/136 [cane toad (4)]
 15709 | Lair:3   | Found a transporter.
 15716 | Lair:3   | Noticed Liasy's ghost (journeyman SpEn)
 15736 | Lair:3   | Noticed a seven-headed hydra
 15758 | Lair:3   | Killed a seven-headed hydra
 15759 | Lair:3   | Reached skill level 20 in Polearms
 15759 | Lair:3   | Reached XP level 13. HP: 99/99 MP: 13/13
 15964 | Lair:3   | Found a staircase to the Snake Pit.
 16198 | Lair:3   | Found a transporter.
 16666 | Lair:3   | HP: 5/151 [moth of wrath (14)]
 16668 | Lair:3   | Succumbed to Liasy's ghost's poison

Illustrated notes

Levels and vault maps discovered:
D:1:      wander_arrival_chamber, layout_basic
D:2:      layout_rooms, serial_shops, shop, minmay_split_cup_small,
          uniq_crazy_yiuf_cottage
D:3:      layout_basic, gammafunk_ghost_nasty_kobolds, uniq_purgy
D:4:      kennysheep_six_static_rooms, layout_rooms,
          nicolae_dithmenos_shadow_blocks, minmay_temple_entry_statues_pillars,
          lemuel_tele_altar
D:5:      layout_basic, marbit_many_paths, amethyst_overflow_temple_binary,
          kennysheep_flooded_box
D:6:      layout_loops_ring, nicolae_overflow_hidden_temple,
          kennysheep_generic_room_15
D:7:      layout_cave_pools, gammafunk_ghost_mausoleum
D:8:      layout_cave_pools, uniq_prince_ribbit1
D:9:      minmay_the_grid_triangle_9x9_rhombus_full
          [minmay_the_grid_triangle_9x9_descending_squares,
          minmay_the_grid_triangle_9x9_cache,
          minmay_the_grid_triangle_9x9_subtriangle,
          minmay_the_grid_triangle_9x9_longest,
          minmay_the_grid_triangle_9x9_negative_grid,
          minmay_the_grid_triangle_9x9_odd_lines,
          minmay_the_grid_triangle_9x9_wacky_v,
          minmay_the_grid_triangle_9x9_prize_insulated], layout_basic,
          nicolae_overflow_crystal_walls, dpeg_oklobed_lair, minmay_fountain_box
Lair:1:   layout_concentric_octagons, serial_bayou_shore_b
Lair:2:   gammafunk_cloud_chamber, layout_loops_ring, special_room
          [special_room_bee], uniq_urug
Lair:3:   layout_layer_cave, minmay_snake_entry_spellcaster,
          gammafunk_ghost_berserking_beasts, infiniplex_staircase_pool,
          grunt_megastairs_5

Skill      XL: |  1  2  3  4  5  6  7  8  9 10 11 12 13 |
---------------+----------------------------------------+-----
Polearms       | 5 6 7 8 9 12 14 17 18 20 | 20.0
Armour         | 2 3 4 6 7 9 |  9.0
Fighting       | 4 5 6 8 9 |  9.3
Evocations     | 2 6 |  6.0
Dodging        | 6 |  6.0

Action                   |  1- 3 |  4- 6 |  7- 9 | 10-12 | 13-15 || total
-------------------------+-------+-------+-------+-------+-------++-------
Melee: Spear             |   102 |   209 |   131 |       |       ||   442
       Trident           |       |       |   222 |   809 |    60 ||  1091
       Tailslap          |       |       |       |     5 |       ||     5
Throw: Dart              |       |     1 |     6 |    23 |       ||    30
Invok: Berserk           |     2 |     4 |    10 |    18 |     1 ||    35
       Trog's Hand       |       |     2 |     2 |     5 |     1 ||    10
       Brothers in Arms  |       |       |       |     5 |     1 ||     6
Evoke: Wand              |       |       |     3 |     6 |       ||     9
  Use: Scroll            |       |     2 |    14 |     7 |     1 ||    24
       Potion            |       |       |       |     5 |       ||     5
 Stab: Sleeping          |     1 |     1 |       |       |       ||     2
Armor: Leather armour    |     7 |     5 |       |       |       ||    12
       Scale mail        |       |    33 |       |       |       ||    33
       Plate armour      |       |    16 |   151 |   361 |    26 ||   554
Dodge: Dodged            |    45 |    66 |    86 |   212 |    21 ||   430

Table legend: (Time is in decaauts)
 A = Elapsed time spent in this place.
 B = Non-inter-level travel time spent in this place.
 C = Inter-level travel time spent in this place.
 D = Time resting spent in this place.
 E = Time spent auto-exploring this place.
 F = Levels seen in this place.
 G = Mean time per level.
                   A        B        C        D        E       F      G
               +--------+--------+--------+--------+--------+-----+--------+
         Total |  16411 |  15804 |    607 |   1536 |  12064 |  12 | 1367.6 |
       Dungeon |  10440 |   9930 |    510 |   1248 |   7184 |   9 | 1160.0 |
          Lair |   5970 |   5873 |     97 |    287 |   4879 |   3 | 1990.0 |
               +--------+--------+--------+--------+--------+-----+--------+

Top non-repeatable levels by time:
  Lair:2: 2201 daAuts
  Lair:3: 2198 daAuts
     D:9: 1810 daAuts
     D:6: 1688 daAuts
  Lair:1: 1570 daAuts
     D:1: 1212 daAuts
     D:5: 1208 daAuts
     D:3: 1121 daAuts
     D:8: 892 daAuts
     D:2: 881 daAuts
     D:7: 835 daAuts
     D:4: 791 daAuts
